 Dungeon Crawl Stone Soup version 0.29.1-2-gbd0b4ee654 (webtiles) character file.

Game seed: 6568853990429368895

226 safid the Shooter (level 5, -17/48 HPs)
             Began as a Minotaur Hunter on Oct 26, 2022.
             Demolished by an ogre
             ... wielding a +0 giant club
              (30 damage)
             ... on level 4 of the Dungeon.
             The game lasted 00:03:51 (3145 turns).

safid the Shooter (Minotaur Hunter)                 Turns: 3145, Time: 00:03:52

Health: -17/48     AC:  6    Str: 15    XL:     5   Next: 69%
Magic:  4/4        EV: 10    Int:  6    God:
Gold:   111        SH:  0    Dex: 16    Spells: 4/4 levels left

rFire   . . .      SeeInvis .   a - +0 shortbow
rCold   . . .      Faith    .   (shield currently unavailable)
rNeg    . . .      Spirit   .   m - +0 scale mail
rPois   .          Reflect  .   (helmet restricted)
rElec   .          Harm     .   (no cloak)
rCorr   .          Rampage  .   (no gloves)
Will    .....                   (no boots)
Stlth   ..........              (no amulet)
HPRegen 0.16/turn               (no ring)
MPRegen 0.09/turn               (no ring)

@: no status effects
A: horns 2, retaliatory headbutt
a: no special abilities


You were on level 4 of the Dungeon.
You visited 1 branch of the dungeon, and saw 4 of its levels.

You collected 163 gold pieces.
You spent 52 gold pieces at shops.

Inventory:

Hand Weapons
 a - a +0 shortbow (weapon)
Armour
 m - a +0 scale mail (worn)
Jewellery
 c - a ring of flight
Scrolls
 b - 2 scrolls of teleportation
 e - a scroll of poison {unknown}
 g - a scroll of vulnerability {unknown}
 i - a scroll of enchant weapon
 j - a scroll of fog
Potions
 d - a potion of might
 f - a potion of lignification
 h - a potion of mutation
 k - 2 potions of curing
 l - a potion of flight


   Skills:
 + Level 5.4 Fighting
 + Level 6.2 Ranged Weapons
 - Level 2.1 Dodging
 - Level 0.7 Stealth


You had 4 spell levels left.
You didn't know any spells.
Your spell library contained the following spells:

 Spells                   Type           Power      Damage    Failure   Level
 Apportation              Tloc           0%         N/A       91%         1
 Necrotise                Necr           0%         1d4       91%         1
 Summon Small Mammal      Summ           0%         N/A       91%         1


Dungeon Overview and Level Annotations

Branches:
Dungeon (4/15)
 Temple: D:4-7

Altars:
Ru

Shops:
D:2 ?

Annotations:
D:3 3 runed translucent doors, Arctor's ghost, amateur MiGl; LustLizard's ghost, amateur DsGl; fireball365's ghost, weakling MiFi


Innate Abilities, Weirdness & Mutations

You have a pair of horns on your head.
You reflexively headbutt those who attack you in melee.


Message History

No target in view!
No target in view!
No target in view!
You see here a giant cockroach corpse.
An ogre comes into view. It is wielding a +0 giant club.
The ogre shouts!
An ogre is nearby!
An ogre is nearby!
You shoot an arrow. The arrow hits the ogre.
The ogre is lightly wounded.
You shoot an arrow. The arrow hits the ogre.
The ogre is lightly wounded.
You shoot an arrow.
The arrow hits the ogre but does no damage.
The ogre is lightly wounded.
You shoot an arrow.
The arrow hits the ogre but does no damage.
The ogre is lightly wounded.
The ogre hits you with a +0 giant club!!
You shoot an arrow. The arrow hits the ogre.
The ogre is moderately wounded.
You shoot an arrow.
The arrow hits the ogre but does no damage.
The ogre is moderately wounded.
The ogre closely misses you. You furiously retaliate!
You headbutt the ogre, but do no damage.
You shoot an arrow. The arrow hits the ogre.
The ogre is heavily wounded.
The ogre hits you with a +0 giant club!
* * * LOW HITPOINT WARNING * * *
You are too injured to fight recklessly!
You are too injured to fight recklessly!
Fire: a) +0 shortbow
Press: ? - help, Q - select action Shift-Dir - straight line, f/p - ogre
Aim: an ogre, wielding a +0 giant club (heavily wounded, 78% to hit)
You shoot an arrow. The arrow hits the ogre!
The ogre is almost dead.
The ogre hits you with a +0 giant club!!
Ouch! That really hurt!
You die...

######....#########...
#...>.................
#.####################
#.# #.### #...#
#...### #...†.#
#....@# #....O#
#.....# #......
#....... #.##..... #.
#...... # #.....


You could see an ogre.

Vanquished Creatures
  A scorpion (D:4)
  A jelly (D:4)
  3 adders
  3 worms (D:3)
  4 dart slugs
  2 orcs (D:4)
  4 ball pythons
  7 endoplasms
  7 giant cockroaches
  6 goblins
  9 hobgoblins
  4 jackals (D:4)
  7 quokkas
  8 bats
  2 frilled lizards
  9 kobolds
  7 rats
84 creatures vanquished.

Vanquished Creatures (others)
  4 withered plants (D:3)
4 creatures vanquished.

Grand Total: 88 creatures vanquished

Notes
Turn   | Place    | Note
-------+----------+-------------------------------------------
     0 | D:1      | safid the Minotaur Hunter began the quest for the Orb.
     0 | D:1      | Reached XP level 1. HP: 18/18 MP: 0/0
   103 | D:1      | Reached XP level 2. HP: 21/25 MP: 1/1
   634 | D:2      | Reached skill level 5 in Ranged Weapons
   634 | D:2      | Reached XP level 3. HP: 31/31 MP: 2/2
   963 | D:2      | Found Noje's Magic Scroll Shoppe.
   971 | D:2      | Bought a scroll of identify for 26 gold pieces
   971 | D:2      | Bought a scroll of identify for 26 gold pieces
  1244 | D:2      | Reached XP level 4. HP: 37/40 MP: 3/3
  1481 | D:3      | Found a sacrificial altar of Ru.
  1548 | D:3      | Found a runed translucent gate.
  1548 | D:3      | Found a runed translucent gate.
  1548 | D:3      | Found a runed translucent gate.
  1551 | D:3      | Noticed fireball365's ghost (weakling MiFi)
  1551 | D:3      | Noticed Arctor's ghost (amateur MiGl)
  1552 | D:3      | Noticed LustLizard's ghost (amateur DsGl)
  1582 | D:3      | Found a faded altar of an unknown god.
  2375 | D:4      | Reached XP level 5. HP: 12/47 MP: 4/4
  2743 | D:4      | Reached skill level 5 in Fighting
  2743 | D:4      | Reached skill level 6 in Ranged Weapons
  3137 | D:4      | Noticed an ogre
  3145 | D:4      | Demolished by an ogre

Illustrated notes

Levels and vault maps discovered:
D:1:      lightli_arrival_quake, layout_rooms, item_on_display_b
D:2:      layout_basic, serial_shops, shop
D:3:      layout_basic, general_overflow_altar, gammafunk_ghost_cemetery,
          shapermc_ecumenical_altar_acropolis, st_stairs_12,
          grunt_ministairs_13, grunt_decor_fettered
D:4:      layout_basic

Skill      XL: |  1  2  3  4  5 |
---------------+----------------+-----
Fighting       | 3 4 5 |  5.4
Ranged Weapons | 5 6 |  6.2
Dodging        | |  2.1
Stealth        | |  0.7

Action                   |  1- 3 |  4- 6 || total
-------------------------+-------+-------++-------
 Fire: Shortbow          |   117 |   120 ||   237
  Use: Scroll            |       |     8 ||     8
       Potion            |       |     2 ||     2
Armor: Leather armour    |    11 |     1 ||    12
       Scale mail        |       |    28 ||    28
Dodge: Dodged            |    33 |    38 ||    71
